 Dungeon Crawl Stone Soup version 0.29.1-12-g30fa7ad0bf (webtiles) character file.

Game seed: 17570624654409416910

149 ssalbiz the Magician (level 5, 0/52 HPs)
             Began as a Djinni Fire Elementalist on Jan 15, 2023.
             Slain by Menkaure (2 damage)
             ... on level 4 of the Dungeon.
             The game lasted 00:07:48 (3959 turns).

ssalbiz the Magician (Djinni Fire Elementalist)     Turns: 3959, Time: 00:07:49

Health: 0/52       AC: 22    Str:  7    XL:     5   Next: 57%
Gold:   195        EV:  2    Int: 19    God:
                   SH:  5    Dex: 19

rFire   . . .      SeeInvis .   a - +0 rapier
rCold   . . .      Faith    .   (no shield)
rNeg    . . .      Spirit   .   (body armour currently unavailable)
rPois   ∞          Reflect  +   (helmet currently unavailable)
rElec   .          Harm     .   (cloak currently unavailable)
rCorr   .          Rampage  .   (gloves currently unavailable)
Will    .....      NoTele   +   (boots unavailable)
Stlth   ++........              d - amulet of reflection
HPRegen 0.17/turn               l - +6 ring of dexterity
MPRegen 0.00/turn               (no ring)

@: tree-form
A: stationary, stasis, torment immunity, boosted hp, sickness immunity, (fire
resistance 2), (cold vulnerability 1), float, innate caster, HP casting, extra
vitality 1
a: no special abilities


You were on level 4 of the Dungeon.
You were a tree.
You visited 1 branch of the dungeon, and saw 4 of its levels.

You collected 195 gold pieces.

Inventory:

Hand Weapons
 a - a +0 rapier (weapon)
Armour
 r - a +0 robe of cold resistance (melded)
 t - a +0 pair of gloves (melded)
Jewellery
 d - an amulet of reflection (around neck)
 l - a +6 ring of dexterity (left branch)
 s - a +6 ring of intelligence
Scrolls
 b - a scroll of butterflies {unknown}
 c - 2 scrolls of poison {unknown}
 e - 3 scrolls of identify {unknown}
 h - a scroll of amnesia {unknown}
 j - a scroll of enchant weapon {unknown}
 k - a scroll of teleportation {unknown}
 m - a scroll of vulnerability {unknown}
 n - a scroll of fear {unknown}
 u - a scroll of noise {unknown}
Potions
 f - 3 potions of lignification {unknown}
 g - a potion of ambrosia {unknown}
 i - a potion of curing {unknown}
 o - a potion of flight {unknown}
 p - a potion of brilliance {unknown}
 q - a potion of attraction {unknown}
 v - a potion of degeneration {unknown}


   Skills:
 - Level 2.1 Dodging
 - Level 1.5 Stealth
 + Level 4.5 Spellcasting


You couldn't memorise any spells.
You knew the following spells:

 Your Spells              Type           Power      Damage    Failure   Level
a - Foxfire               Conj/Fire      84%        2x1d8     1%          1
b - Scorch                Fire           42%        2d7       3%          2
c - Conjure Flame         Conj/Fire      21%        6-21      6%          3
d - Inner Flame           Hex/Fire       21%        N/A       6%          3
e - Flame Wave            Conj/Fire      21%        2d8       21%         4
f - Shock                 Conj/Air       84%        1d8       1%          1
g - Blink                 Tloc           42%        N/A       3%          2
Your spell library was empty.

Dungeon Overview and Level Annotations

Branches:
Dungeon (4/15)
 Temple: D:4-7

Altars:

Shops:
D:1 *   D:3 =

Annotations:
D:4 Grinder, Menkaure, Sigmund


Innate Abilities, Weirdness & Mutations

You are a tree.
Your roots penetrate the ground, keeping you stationary.
You cannot be teleported.
You are immune to unholy pain and torment.
Your maximum health is greatly increased.
Your equipment is partially melded.
You are immune to sickness and miasma.
You are immune to poison.
((Your flesh is very heat resistant. (rF++)))
((You are vulnerable to cold. (rC-)))
You float through the air rather than walking.
You learn spells naturally, not from books.
Your magical power is your life essence.
You have superior vitality. (+4 MHP)


Message History

You hit Menkaure.
Menkaure is lightly damaged.
Menkaure hits you but does no damage. Sigmund hits you but does no damage.
Menkaure hits you but does no damage.
Unknown command.
Unknown command.
Unknown command.
You hit Menkaure.
Menkaure is lightly damaged.
Sigmund casts a spell.
Sigmund flickers and vanishes!
Deactivating autopickup; reactivate with Ctrl-A.
Menkaure draws the symbol "Udjat" in the dust.
Menkaure hits you.
* * * LOW HITPOINT WARNING * * *
Unknown command.
Unknown command.
Unknown command.
Unknown command.
Press: ? - help, v - describe, . - travel A stone staircase leading up.
Unknown command.
Unknown command.
Unknown command.
Unknown command.
Unknown command.
You barely miss Menkaure. You punch Menkaure, but do no damage.
Menkaure is lightly damaged.
Menkaure hits you but does no damage. Something hits you but does no damage.
Menkaure hits you but does no damage.
Grinder blinks!
You hit Menkaure.
Menkaure is moderately damaged.
Something hits you.
* * * LOW HITPOINT WARNING * * *
Menkaure hits you but does no damage.
You hit Menkaure but do no damage.
Menkaure is moderately damaged.
Menkaure hits you but does no damage. Something hits you but does no damage.
Menkaure hits you.
You die...

.# .# .# .
##># ..#
##>.#
....##...#
#....{...#
#.....♣.#
#....M..#
#......##
....5..##
(.....#
.....#
.....
#....


You could see Grinder (fast) and Menkaure (fast).

Vanquished Creatures
  7 gnolls
  An adder (D:2)
  A worm (D:2)
  5 dart slugs
  An orc (D:3)
  4 ball pythons
  3 endoplasms
  3 giant cockroaches
  6 goblins
  2 hobgoblins (D:2)
  10 kobolds
  3 quokkas
  6 bats
  5 frilled lizards
  4 rats
61 creatures vanquished.

Vanquished Creatures (collateral kills)
  A foxfire (D:3)
1 creature vanquished.

Vanquished Creatures (others)
  112 foxfires
112 creatures vanquished.

Grand Total: 174 creatures vanquished

Notes
Turn   | Place    | Note
-------+----------+-------------------------------------------
     0 | D:1      | ssalbiz the Djinni Fire Elementalist began the quest for
                  | the Orb.
     0 | D:1      | ssalbiz set off with the following spells memorised:
                  | Foxfire, Scorch, Conjure Flame, Inner Flame, Flame Wave.
     0 | D:1      | Reached XP level 1. HP: 15/15 MP: 0/0
   232 | D:1      | Reached XP level 2. HP: 20/21 MP: 0/0
   534 | D:1      | Reached skill level 3 in Spellcasting
   568 | D:1      | Found Deskeas's General Store.
   750 | D:1      | Reached XP level 3. HP: 24/25 MP: 0/0
   750 | D:1      | Learned a level 1 spell: Shock
  1923 | D:2      | Reached XP level 4. HP: 26/31 MP: 0/0
  3115 | D:3      | Reached skill level 4 in Spellcasting
  3121 | D:3      | Reached XP level 5. HP: 22/35 MP: 0/0
  3121 | D:3      | Learned a level 2 spell: Blink
  3290 | D:3      | Found Gufacleddo's Jewellery Boutique.
  3789 | D:3      | Found a faded altar of an unknown god.
  3941 | D:4      | Noticed Grinder
  3943 | D:4      | Noticed Menkaure
  3945 | D:4      | Noticed Sigmund
  3948 | D:4      | Paralysed by Grinder for 5 turns
  3958 | D:4      | HP: 2/52 [something (1)]
  3959 | D:4      | Slain by Menkaure

Illustrated notes

Levels and vault maps discovered:
D:1:      tarquinn_simple_flora_water_d, layout_loops_ring, serial_shops,
          nicolae_diamond_shop
D:2:      layout_basic, grunt_decor_fettered, serial_park_tiny_pond, st_stairs_6
D:3:      layout_basic, shapermc_ecumenical_altar_acropolis, serial_shops,
          nicolae_square_shop, grunt_ministairs_4
D:4:      kb_forest_paths, layout_layer_cave, trog_book,
          gammafunk_ghost_cemetery, nicolae_ossuary_entry_ruins, uniq_sigmund,
          uniq_menkaure, uniq_grinder

Skill      XL: |  1  2  3  4 |
---------------+-------------+-----
Spellcasting   | 3 4 |  4.5
Dodging        | |  2.1
Stealth        | |  1.5

Action                   |  1- 3 |  4- 6 || total
-------------------------+-------+-------++-------
Melee: Short sword       |     9 |     2 ||    11
       Punch             |     1 |     2 ||     3
       Rapier            |       |    11 ||    11
 Cast: Foxfire           |    39 |    28 ||    67
       Scorch            |     2 |    23 ||    25
       Conjure Flame     |       |     1 ||     1
 Stab: Sleeping          |     4 |     1 ||     5
Armor: Robe              |     7 |     2 ||     9
       Skin              |       |    11 ||    11
Dodge: Dodged            |    15 |    12 ||    27
Block: Other             |     2 |     7 ||     9
       Reflection        |       |     1 ||     1
